 Dungeon Crawl Stone Soup version 0.29-a0-477-g62b78b4225 (webtiles) character file.

Game seed: 1933168125372651063

168 siradein the Skirmisher (level 5, 0/47 HPs)
             Began as a Ghoul Fighter on May 24, 2022.
             Slain by an ogre
             ... wielding a +0 giant club
              (20 damage)
             ... on level 4 of the Dungeon.
             The game lasted 00:04:22 (3095 turns).

siradein the Skirmisher (Ghoul Fighter)             Turns: 3095, Time: 00:04:22

Health: 0/47       AC: 12    Str: 22    XL:     5   Next: 48%
Magic:  4/4        EV:  9    Int:  3    God:
Gold:   134        SH:  4    Dex:  8    Spells: 4/4 levels left

rFire   . . .      SeeInvis .   a - +0 flail
rCold   + . .      Faith    .   c - +0 buckler
rNeg    + + +      Spirit   .   A - +2 scale mail {rPois}
rPois   ∞          Reflect  .   (no helmet)
rElec   .          Harm     .   b - +0 cloak
rCorr   .          Rampage  .   s - +0 pair of gloves
Will    .....                   r - +0 pair of boots
Stlth   ..........              (no amulet)
HPRegen 0.00/turn               (no ring)
MPRegen 0.09/turn               (no ring)

@: inhibited regen
A: claws 1, cold resistance 1, negative energy resistance 3, inhibited
regeneration, torment resistance 2, devour on kill
a: no special abilities


You were on level 4 of the Dungeon.
You visited 1 branch of the dungeon, and saw 4 of its levels.

You collected 134 gold pieces.

Inventory:

Hand Weapons
 a - a +0 flail (weapon)
Missiles
 g - 80 stones (quivered)
 q - 5 boomerangs
Armour
 b - a +0 cloak (worn)
 c - a +0 buckler (worn)
 r - a +0 pair of boots (worn)
 s - a +0 pair of gloves (worn)
 A - a +2 scale mail of poison resistance (worn)
Jewellery
 v - a ring of protection from cold
 y - a +6 ring of strength
Wands
 o - a wand of paralysis (8)
 z - a wand of flame (8)
Scrolls
 e - 4 scrolls of enchant armour {unknown}
 f - 4 scrolls of identify {unknown}
 i - 2 scrolls of fog {unknown}
 k - a scroll of noise {unknown}
 m - 2 scrolls of blinking {unknown}
 t - a scroll of immolation {unknown}
 u - a scroll of brand weapon {unknown}
Potions
 d - a potion of might
 h - 2 potions of ambrosia {unknown}
 j - a potion of curing {unknown}
 l - 2 potions of heal wounds {unknown}
 n - a potion of degeneration {unknown}
 p - a potion of resistance
 w - a potion of haste {unknown}
 x - a potion of attraction {unknown}


   Skills:
 + Level 4.3 Fighting
 + Level 2.9 Maces & Flails
 + Level 3.5 Armour
 + Level 3.6 Shields


You had 4 spell levels left.
You didn't know any spells.
Your spell library contained the following spells:

 Spells                   Type           Power      Damage    Failure   Level
 Necrotize                Necr           0%         1d4       91%         1
 Blink                    Tloc           0%         N/A       97%         2
 Lesser Beckoning         Tloc           0%         N/A       99%         3
 Vampiric Draining        Necr           0%         2d6       99%         3
 Fulminant Prism          Conj/Hex       0%         3d6       100%        4
 Iskenderun's Mystic Bla  Conj/Tloc      0%         2d3       100%        4
 Agony                    Necr           0%         N/A       100%        5
 Lee's Rapid Deconstruct  Erth           0%         3d5*      100%        5
 Manifold Assault         Tloc           0%         N/A       100%        5


Dungeon Overview and Level Annotations

Branches:
Dungeon (4/15)
 Temple: D:4-7

Altars:
Cheibriados
Zin

Shops:
D:4 [


Innate Abilities, Weirdness & Mutations

You are immune to poison.
You have sharp fingernails.
Your flesh is cold resistant. (rC+)
You are immune to negative energy. (rN+++)
You do not regenerate when monsters are visible.
You are immune to unholy pain and torment.
You thrive by killing the living.


Message History

The kobold hits you but does no damage.
You sock the kobold!
You kill the kobold!
No target in view!
h - 2 murky green potions (gained 1)
l - 2 bubbling green potions (gained 1)
Found a crooked glowing staff.
You pick up a book of Spatial Translocations and begin reading...
You add the spells Blink, Lesser Beckoning and Manifold Assault to your library.
An ogre comes into view. It is wielding a +0 giant club.
The ogre shouts!
You throw a stone. The stone hits the ogre.
The ogre is lightly wounded.
You throw a stone. The stone barely misses the ogre.
You throw a stone. The stone hits the ogre.
The ogre is lightly wounded.
You throw a stone.
The stone hits the ogre but does no damage.
The ogre is lightly wounded.
You throw a stone. The stone hits the ogre.
The ogre is lightly wounded.
You barely miss the ogre.
The ogre is lightly wounded.
The ogre barely misses you.
You hit the ogre.
The ogre is moderately wounded.
The ogre hits you with a +0 giant club!!
You barely miss the ogre.
The ogre is moderately wounded.
You sock the ogre!
The ogre is heavily wounded.
The ogre hits you with a +0 giant club.
You are too injured to fight recklessly!
You hit the ogre.
The ogre is heavily wounded.
The ogre closely misses you.
You hit the ogre.
The ogre is severely wounded.
The ogre hits you with a +0 giant club!!
You die...

#..........#
#.##
#..#.#.#.#.#
##.#
##.........#
#.##
#.#.#.#.#.#
##.##
#.........#
#..# ####.#####
##.## .# ##..##
.# ###....###
##@...##..###
###.O.#####...#
#####...(.##
###.#
♣......(...##
###
♣♣...##.....#
♣..# #(....##
...# #.....|#
.♣# ##(.....#
#.......#


You could see an ogre.

Vanquished Creatures
  Terence (D:3)
  A gnoll (D:1)
  5 adders
  4 dart slugs
  6 bats
  4 endoplasms
  A giant cockroach (D:2)
  8 goblins
  9 hobgoblins
  9 jackals
  3 quokkas (D:2)
  2 ball pythons (D:1)
  3 frilled lizards (D:1)
  11 kobolds
  8 rats
75 creatures vanquished.

Notes
Turn   | Place    | Note
-------+----------+-------------------------------------------
     0 | D:1      | siradein the Ghoul Fighter began the quest for the Orb.
     0 | D:1      | Reached XP level 1. HP: 19/19 MP: 0/0
   124 | D:1      | Reached XP level 2. HP: 11/26 MP: 1/1
   642 | D:1      | Found a snail-covered altar of Cheibriados.
   665 | D:1      | Reached XP level 3. HP: 31/31 MP: 2/2
   761 | D:1      | Found a faded altar of an unknown god.
  1304 | D:2      | Reached XP level 4. HP: 40/40 MP: 3/3
  1651 | D:2      | Reached skill level 4 in Fighting
  2309 | D:3      | Reached XP level 5. HP: 41/46 MP: 4/4
  2542 | D:3      | Noticed Terence
  2564 | D:3      | Killed Terence
  2928 | D:4      | Found Bozir's Antique Armour Boutique.
  3076 | D:4      | Noticed an ogre
  3095 | D:4      | Slain by an ogre

Illustrated notes

Levels and vault maps discovered:
D:1:      wander_arrival_lonely_grave, layout_loops_ring,
          shapermc_ecumenical_altar_pompeii, st_stairs_5, minmay_crystal_water,
          minmay_hexomino_r4
D:2:      layout_loops_cross
D:3:      cheibrodos_helix_gallery, layout_basic, mainiacjoe_overflow_catwalk,
          uniq_terence
D:4:      layout_cave_pods, mainiacjoe_overflow_paths,
          chequers_temple_overflow_minitemple, minmay_temple_entry_tees,
          serial_glass, glass_columns_a, glass_columns_a, glass_columns_b,
          glass_columns_c, glass_columns_c, glass_columns_b, glass_columns_b,
          glass_columns_b, serial_shops, nicolae_shop_advertising_works
          [nicolae_subvault_shop_adworks], shop, nicolae_shop_trees,
          serial_bayou_crossing, uniq_edmund

Skill      XL: |  1  2  3  4 |
---------------+-------------+-----
Maces & Flails | 2 |  2.9
Shields        | 3 |  3.6
Armour         | 3 |  3.5
Fighting       | 4 |  4.3

Action                   |  1- 3 |  4- 6 || total
-------------------------+-------+-------++-------
Melee: Flail             |   126 |   148 ||   274
Throw: Stone             |    35 |    27 ||    62
Armor: Scale mail        |    62 |    17 ||    79
       Chain mail        |       |    73 ||    73
Dodge: Dodged            |    59 |    57 ||   116
Block: Buckler           |    27 |    31 ||    58

Table legend: (Time is in decaauts)
 A = Elapsed time spent in this place.
 B = Non-inter-level travel time spent in this place.
 C = Inter-level travel time spent in this place.
 D = Time resting spent in this place.
 E = Time spent auto-exploring this place.
 F = Levels seen in this place.
 G = Mean time per level.
                   A        B        C        D        E       F      G
               +--------+--------+--------+--------+--------+-----+--------+
         Total |   3197 |   3153 |     44 |    296 |   2091 |   4 |  799.2 |
       Dungeon |   3197 |   3153 |     44 |    296 |   2091 |   4 |  799.2 |
               +--------+--------+--------+--------+--------+-----+--------+

Top non-repeatable levels by time:
     D:1: 1296 daAuts
     D:2: 896 daAuts
     D:3: 786 daAuts
     D:4: 217 daAuts
